Map: Ulrena

Players

KarlMalone - Winner!

  • Race: Protoss Protoss
  • League: Silver

Grumm

  • Race: Protoss Protoss
  • League: Gold

VOD

Have the link to the VOD?

Description

Time

  • Played on: Feb. 1, 2016, 6:25 p.m.
  • Length: 9:08
Show
View Real Time Build Order
Export as new Build Order

KarlMalone Protoss - Winner!

Build Orders: Zealot Archon, Dark Templar Rush 

Get SALT Encoding   

  12  0:02  Probe (Chrono Boost)  
  13  0:12  Probe (Chrono Boost)  
  14  0:18  Pylon  
  14  0:23  Probe (Chrono Boost)  
  15  0:38  Forge  
  15  0:49  Gateway  
  15  0:51  Assimilator  
  15  0:52  Probe (Chrono Boost)  
  16  1:04  Probe (Chrono Boost)  
  17  1:15  Probe (Chrono Boost)  
  18  1:23  Pylon  
  19  1:25  Probe (Chrono Boost)  
  19  1:35  Assimilator  
  19  1:36  Probe (Chrono Boost)  
  20  1:41  Cybernetics Core  
  20  1:47  Probe (Chrono Boost)  
  21  2:04  Zealot (Chrono Boost)  
  21  2:06  Probe (Chrono Boost)  
  24  2:19  Probe (Chrono Boost)  
  24  2:20  Warp Gate (Chrono Boost)  
  25  2:23  Pylon  
  25  2:30  Adept (Chrono Boost)  
  27  2:43  Twilight Council  
  27  2:45  Gateway  
  27  2:46  Probe  
  28  3:03  Probe  
  28  3:10  Gateway  
  28  3:12  Cybernetics Core  
  28  3:16  Mothership Core  
  30  3:27  Dark Shrine  
  30  3:37  Gateway  
  26  3:57  Adept  
  28  4:14  Probe (Chrono Boost)  
  25  4:26  Probe (Chrono Boost)  
  28  4:33  Pylon  
  28  4:37  Probe (Chrono Boost)  
  29  4:40  Dark Templar  
  29  4:42  Dark Templar  
  29  4:43  Dark Templar  
  33  4:57  Dark Templar  
  35  5:28  Dark Templar x2  
  37  5:30  Zealot  
  37  5:39  Probe (Chrono Boost)  
  38  5:53  Dark Templar  
  40  6:10  Nexus  
  40  6:12  Pylon  
  38  6:30  Probe (Chrono Boost)  
  37  6:36  Gateway  
  37  6:37  Gateway  
  37  6:40  Archon x2, Probe (Chrono Boost)  
  37  6:42  Dark Templar x2  
  37  6:44  Zealot x2  
  46  6:47  Archon  
  46  6:55  Probe (Chrono Boost)  
  47  7:06  Probe (Chrono Boost), Charge (Chrono Boost)  
  46  7:09  Pylon, Zealot  
  48  7:16  Zealot  
  45  7:52  Zealot x4  
  45  7:55  Probe  
  45  7:57  Probe  
  53  8:11  Dark Templar  
  53  8:12  Dark Templar  
  57  8:14  Zealot x3  
  57  8:17  Zealot  
  57  8:19  Archon  
  65  8:26  Probe  
  65  8:27  Probe  
  65  8:31  Assimilator  
  65  8:33  Assimilator  
Show
View Real Time Build Order
Export as new Build Order

Grumm Protoss 

Build Orders: Blink Stalkers 

Get SALT Encoding   

  12  0:01  Probe (Chrono Boost)  
  13  0:11  Probe (Chrono Boost)  
  14  0:20  Pylon  
  14  0:23  Probe (Chrono Boost)  
  15  0:38  Probe (Chrono Boost)  
  16  0:43  Gateway  
  16  0:47  Assimilator  
  16  0:49  Probe (Chrono Boost)  
  17  0:59  Probe (Chrono Boost)  
  18  1:10  Probe (Chrono Boost)  
  19  1:14  Assimilator  
  19  1:21  Probe (Chrono Boost)  
  20  1:31  Cybernetics Core, Probe (Chrono Boost)  
  21  1:35  Pylon  
  21  1:42  Probe (Chrono Boost)  
  22  1:52  Probe (Chrono Boost)  
  23  2:07  Nexus  
  23  2:11  Warp Gate (Chrono Boost)  
  23  2:14  Probe  
  24  2:25  Stalker  
  26  2:40  Probe  
  27  2:45  Twilight Council  
  27  2:47  Gateway  
  27  2:55  Adept  
  29  3:04  Probe  
  30  3:16  Robotics Facility, Probe  
  31  3:22  Blink (Chrono Boost)  
  31  3:34  Pylon  
  31  3:52  Probe  
  32  4:13  Probe  
  32  4:14  Probe  
  32  4:16  Immortal  
  36  4:19  Stalker x2  
  38  4:25  Probe  
  38  4:26  Forge  
  38  4:27  Pylon  
  39  4:32  Pylon  
  39  4:33  Probe  
  39  4:35  Assimilator  
  39  4:37  Assimilator  
  40  4:42  Stalker  
  40  4:45  Adept  
  44  4:48  Probe  
  45  4:59  Photon Cannon  
  41  5:21  Photon Cannon  
  34  5:39  Robotics Facility  
  25  5:57  Photon Cannon  
  25  5:59  Stalker x2  
  29  6:32  Observer  
  30  6:49  Stalker  
  30  6:50  Stalker  
  30  6:53  Pylon  
  34  7:08  Nexus  
  34  7:10  Pylon  
  34  7:14  Immortal  
  38  7:31  Stalker x2  
  30  7:58  Probe  
  31  8:10  Probe  
  32  8:18  Photon Cannon  
  32  8:21  Gateway  
  32  8:22  Probe  
  32  8:25  Pylon  
  33  8:29  Probe  
  35  8:34  Observer, Probe  
  35  8:39  Probe  
  37  8:42  Zealot  
  37  8:46  Probe  
  35  8:58  Zealot  
Tags
 
Add a new tag
Caveats
  • Supply blocks, unpowered buildings, or Contaminate may cause inaccurate times.
  • Supply counts are checked every 10 seconds.